 Dungeon Crawl Stone Soup version 0.30.1-9-gdf580d7c3d (webtiles) character file.

Game seed: 12198617818728066170

45 ChiefBigBeans the Chiller (level 3, -3/26 HPs)
             Began as a Draconian Ice Elementalist on Sept 26, 2023.
             Killed from afar by Terence (15 damage)
             ... with a bolt of dispelling energy
             ... on level 2 of the Dungeon.
             The game lasted 00:02:44 (1081 turns).

ChiefBigBeans the Chiller (DrIE)                    Turns: 1081, Time: 00:02:45

Health: -3/26      AC:  5    Str: 10    XL:     3   Next: 42%
Magic:  3/6        EV: 12    Int: 17    God:
Gold:   49         SH:  0    Dex: 11    Spells: 5/6 levels left

rFire   . . .        g - +3 short sword
rCold   . . .        (no shield)
rNeg    . . .        (body armour unavailable)
rPois   .            (helmet restricted)
rElec   .            f - scarf {repulsion}
rCorr   .            (no gloves)
SInv    .            (no boots)
Will    .....        (no amulet)
Stlth   ++           (no ring)
HPRegen 0.24/turn    (no ring)
MPRegen 0.10/turn

%: repel missiles
@: no status effects
A: AC +5, unfitting armour, cold-blooded
a: no special abilities


You were on level 2 of the Dungeon.
You visited 1 branch of the dungeon, and saw 2 of its levels.

You collected 49 gold pieces.

Inventory:

Hand Weapons
 b - a +1 dagger of flaming
 g - a +3 short sword (weapon)
Armour
 f - a scarf of repulsion (worn)
Scrolls
 e - a scroll of fog {unknown}
 h - a scroll of magic mapping {unknown}
Potions
 a - a potion of magic
 c - a potion of curing {unknown}
 d - a potion of might {unknown}


   Skills:
 - Level 2.3 Dodging
 - Level 2.4 Stealth
 + Level 2.4 Spellcasting
 + Level 4.3 Ice Magic


You had 5 spell levels left.
You knew the following spells:

 Your Spells              Type           Power      Damage    Failure   Level
a - Freeze                Ice            64%        1d7       3%          1

Your spell library contained the following spells:

 Spells                   Type           Power      Damage    Failure   Level
 Frozen Ramparts          Ice            32%        1d5       10%         3
 Ozocubu's Armour         Ice            16%        N/A       10%         3
 Summon Ice Beast         Ice/Summ       9%         N/A       58%         4


Dungeon Overview and Level Annotations

Branches:
Dungeon (2/15)

Altars:

Shops:
D:1 ?

Annotations:
D:2 Terence


Innate Abilities, Weirdness & Mutations

Your plain brown scales are hard. (AC +5)
You cannot fit into any form of body armour.
You are cold-blooded and may be slowed by cold attacks.


Message History

Found a stone staircase leading down.
A dart slug comes into view.
You can't see any susceptible monsters within range! (Use Z to cast anyway.)
You freeze the dart slug.
The dart slug is lightly wounded.
You freeze the dart slug.
The dart slug is moderately wounded.
The dart slug misses you.
You freeze the dart slug.
The dart slug is heavily wounded.
The dart slug barely misses you.
You hit the dart slug.
The dart slug is almost dead.
You hit the dart slug but do no damage. You tail-slap the dart slug.
You kill the dart slug!
Magic restored.
Terence the Incautious comes into view.
He is wielding a +0 short sword and carrying a wand of quicksilver (11).
Terence shouts!
Terence zaps a wand.
The bolt of dispelling energy hits you!
A quokka comes into view.
Terence barely misses you.
You freeze Terence.
Terence is lightly wounded.
Terence barely misses you.
You freeze Terence.
Terence is moderately wounded.
Terence hits you with a +0 short sword.
You are too injured to fight recklessly!
You are too injured to fight recklessly!
Casting: Freeze (safe; 3% risk of failure)
Confirm with . or Enter, or press ? or * to list all spells.
Aiming: Freeze (safe; 3% risk of failure)
Press: ? - help, Shift-Dir - straight line, f/p - Terence
Aim: Terence, wielding a +0 short sword, wearing a +0 scale mail and carrying a wand of quicksilver (10) (moderately wounded)
You freeze Terence.
Terence is moderately wounded.
The quokka closely misses you.
Terence zaps a wand.
The bolt of dispelling energy hits you!
Ouch! That really hurt!
You die...

#.# ..# #.#######
#........ #........
#........ ###@r......
..#@....... #####
#.#........ ..(#
#†#........
###.##########.#........
...<...†..........>#####
###########...####.#
#...# ... #...# ....
#...# ....#


You could see Terence and a quokka.

Vanquished Creatures
  A gnoll (D:1)
  A dart slug (D:2)
  3 ball pythons (D:1)
  3 bats
  3 endoplasms (D:1)
  2 giant cockroaches (D:1)
  3 goblins (D:1)
  4 hobgoblins (D:1)
  5 frilled lizards (D:1)
  4 kobolds (D:1)
  2 rats (D:1)
31 creatures vanquished.

Notes
Turn   | Place    | Note
-------+----------+-------------------------------------------
     0 | D:1      | ChiefBigBeans the Draconian Ice Elementalist began the
                  | quest for the Orb.
     0 | D:1      | Reached XP level 1. HP: 14/14 MP: 3/3
    14 | D:1      | Found Qouhodgh's Magic Scroll Boutique.
   156 | D:1      | Reached XP level 2. HP: 20/20 MP: 3/5
   633 | D:1      | Reached XP level 3. HP: 26/26 MP: 4/6
  1074 | D:2      | Noticed Terence
  1081 | D:2      | Killed from afar by Terence

Illustrated notes

Levels and vault maps discovered:
D:1:      psy_arrival_radial01, layout_loops_ring, serial_shops, shop
D:2:      layout_basic, uniq_terence

Skill      XL: |  1 |
---------------+----+-----
Stealth        | 2 |  2.4
Dodging        | 2 |  2.3
Spellcasting   | |  2.4
Ice Magic      | |  4.3

Action                     || total
---------------------------++-------
  Melee: Unarmed           ||    25
         Tailslap          ||     3
         Dagger            ||     6
         Short sword       ||    15
   Cast: Freeze            ||    39
 Armour: Skin              ||    32
  Dodge: Dodged            ||    81
